 Dungeon Crawl Stone Soup version 0.25-a0-447-gff83419037 (webtiles) character file.

Game seed: 11371164225923479174, levelgen mode: deterministic

53 Emblim88 the Skirmisher (level 3, 0/34 HPs)
             Began as a Minotaur Abyssal Knight on Jan 30, 2020.
             Was a Follower of Lugonu.
             Killed from afar by Sigmund (2 damage)
             ... with a magic dart
             ... on level 2 of the Dungeon.
             The game lasted 00:02:30 (1739 turns).

Emblim88 the Skirmisher (Minotaur Abyssal Knight)   Turns: 1739, Time: 00:02:30

Health: 0/34       AC:  6    Str: 14 (17) XL:     3   Next: 62%
Magic:  0/3        EV: 11    Int:  8 (9)  God:    Lugonu [*.....]
Gold:   108        SH:  0    Dex:  6 (9)  Spells: 2/2 levels left

rFire    + . .     SeeInvis .   a - +2 hand axe
rCold    + . .     Gourm    .   (no shield)
rNeg     . . .     Faith    .   b - +0 leather armour
rPois    +         Spirit   +   (helmet restricted)
rElec    +         Reflect  .   (no cloak)
rCorr    +         Harm     .   i - +2 pair of gloves
MR       .....                  (no boots)
Stlth    ++........             o - amulet of guardian spirit
HPRegen  0.11/turn              j - ring of stealth
MPRegen  0.08/turn              (no ring)

@: resistant
A: retaliatory headbutt, horns 2
a: Depart the Abyss, Renounce Religion


You were on level 2 of the Dungeon.
You worshipped Lugonu.
Lugonu was aware of your devotion.
You were hungry.

You visited 1 branch of the dungeon, and saw 2 of its levels.
You visited the Abyss 1 time.

You collected 108 gold pieces.

Inventory:

Hand Weapons
 a - a +2 hand axe (weapon)
Missiles
 k - 89 stones (quivered)
Armour
 b - a +0 leather armour (worn)
 i - a +2 pair of gloves (worn)
Jewellery
 d - an uncursed ring of positive energy {unknown}
 j - a ring of stealth (left hand)
 o - an amulet of guardian spirit (around neck)
Scrolls
 g - 2 scrolls of amnesia
 n - a scroll of remove curse
Comestibles
 c - 3 rations


   Skills:
 + Level 4.4 Fighting
 + Level 3.1 Axes
 + Level 3.2 Armour
 + Level 1.4 Dodging
 + Level 0.3 Stealth
 + Level 1.8 Invocations


You had 2 spell levels left.
You didn't know any spells.
Your spell library was empty.

Dungeon Overview and Level Annotations

Branches:
Dungeon (2/15)

Altars:

Annotations:
D:2 Sigmund


Innate Abilities, Weirdness & Mutations

You reflexively headbutt those who attack you in melee.
You have a pair of horns on your head.


Message History

The puff of flame hits you. You resist.
You miss something. Your headbutt misses something. Something hits you!
You barely miss something. Something hits you.
You hit something but do no damage. Something hits you!
* * * LOW HITPOINT WARNING * * *
You miss something. You hit something.
You hear some strange, mumbled words.
Something tries to affect you, but you resist.
Something hits you.
* * * LOW HITPOINT WARNING * * *
You closely miss something. You closely miss something.
You hear some strange, mumbled words.
Something tries to affect you, but you resist.
You miss something.
You hear some strange, mumbled words.
A magic dart appears from out of thin air!
The magic dart hits you.
You die...

.# #.. #.#
.########### #.#.#
......... .<..#
.######## #.#.#
...)...# #.#
..####.# #.#
..####.##### #.#
...........# #{#
..#.....##.#####@#
........##.......#
###.....###########
..................#
###.....########.##
#.....# #.#
###.#.## #.#
#.†....# #.#
#......# #.#


There were no monsters in sight!

Vanquished Creatures
  An adder (D:2)
  A worm (D:2)
  A dart slug (D:2)
  A ball python (D:2)
  6 giant cockroaches
  7 goblins (D:2)
  3 hobgoblins
  5 kobolds
  3 bats
  10 rats
38 creatures vanquished.

Notes
Turn   | Place    | Note
-------+----------+-------------------------------------------
     0 | Abyss:1  | Emblim88 the Minotaur Abyssal Knight began the quest for
                  | the Orb.
     0 | Abyss:1  | Reached XP level 1. HP: 19/19 MP: 1/1
    37 | Abyss:1  | Noticed a neqoxec
    38 | D:1      | Escaped the Abyss
   245 | D:1      | Reached skill level 4 in Fighting
   280 | D:1      | Reached * piety under Lugonu
   282 | D:1      | Reached XP level 2. HP: 24/27 MP: 2/2
  1183 | D:2      | Reached XP level 3. HP: 34/34 MP: 3/3
  1713 | D:2      | Noticed Sigmund
  1736 | D:2      | HP: 1/34 [something (4)]
  1739 | D:2      | Killed from afar by Sigmund

Levels and vault maps discovered:
D:1:      mainiacjoe_arrival_reflecting_pool, layout_basic,
          minmay_curled_crystal
D:2:      layout_basic, minmay_misc_feat_doors, st_stairs_5, uniq_sigmund

Skill      XL: |  1  2  3 |
---------------+----------+-----
Fighting       | 4 |  4.4
Armour         | 3 |  3.2
Axes           | 3 |  3.1
Dodging        | |  1.4
Stealth        | |  0.3
Invocations    | |  1.8

Action                   || total
-------------------------++-------
Melee: Hand axe          ||   110
       Headbutt          ||     8
Invok: Depart the Abyss  ||     1
  Use: Scroll            ||     4
       Potion            ||     4
 Stab: Sleeping          ||     4
  Eat: Chunk             ||     2
Armor: Leather armour    ||    32
Dodge: Dodged            ||    53

Table legend:
 A = Non-vault XP
 B = Vault XP
 C = Vault XP percentage of total XP
 D = Non-vault monster count
 E = Vault monster count
 F = Vault count percentage of total count
                 A         B        C        D         E       F
            +---------+---------+-------+---------+---------+-------
      Total |      57 |      19 |  25.0 |      35 |       3 |   7.9
            +---------+---------+-------+---------+---------+-------
        D:1 |      21 |       0 |   0.0 |      16 |       0 |   0.0
        D:2 |      36 |      19 |  34.5 |      19 |       3 |  13.6
            +---------+---------+-------+---------+---------+-------
